 Dungeon Crawl Stone Soup version 0.13.0-7-g3df9ff1 (webtiles) character file.

886 HungrySpirit the Cleaver (level 7, -1/59 HPs)
             Began as a Minotaur Fighter on Oct 16, 2013.
             Slain by Duvessa
             ... wielding a +0,+0 elven short sword
              (9 damage)
             ... on Level 4 of the Dungeon.
             The game lasted 00:08:46 (3673 turns).

HungrySpirit the Cleaver (Minotaur Fighter)         Turns: 3673, Time: 00:08:47

HP  -1/59        AC  8     Str 22      XL: 7   Next: 49%
MP   2/2         EV  7     Int  5      God:
Gold 135         SH 20     Dex 10      Spells:  0 memorised,  6 levels left

Res.Fire  : . . .   See Invis. : .   A - +3,+2 orc hand axe
Res.Cold  : . . .   Warding    : .   b - +0 scale mail
Life Prot.: . . .   Conserve   : .   c - +0 shield
Res.Poison: .       Res.Corr.  : +   (helmet restricted)
Res.Elec. : .       Clarity    : .   o - +0 elf cloak
Sust.Abil.: . .     Spirit.Shd : .   (no gloves)
Res.Mut.  : .       Stasis     : .   (no boots)
Res.Rott. : .       Flight     : .   r - amulet of resist corrosion
Saprovore : . . .                    (no ring)
                                     k - ring of protection from magic

@: quite resistant to hostile enchantments, extremely unstealthy
A: retaliatory headbutt, horns 2
a: no special abilities


You were on level 4 of the Dungeon.
You were not hungry.

You visited 1 branch of the dungeon, and saw 4 of its levels.

You collected 115 gold pieces.

Inventory:

Hand weapons
 a - a +0,+0 hand axe {=f}
 j - a +3,+1 elven spear of venom (quivered)
 A - a +3,+2 orcish hand axe (weapon)
Armour
 b - a +0 scale mail (worn)
 c - a +0 shield (worn)
 o - a +0 elven cloak (worn)
Magical devices
 D - a wand of magic darts (13)
Comestibles
 d - 5 bread rations
 n - a choko
 s - 2 meat rations
Scrolls
 e - 2 scrolls of enchant armour {unknown}
 f - 3 scrolls of remove curse {unknown}
 g - a scroll of curse weapon {unknown}
 h - a scroll of noise {unknown}
 i - a scroll of fear {unknown}
 l - a scroll of teleportation {unknown}
 m - a scroll of magic mapping {unknown}
 p - a scroll of amnesia {unknown}
 w - a scroll of recharging {unknown}
 y - 2 scrolls of identify
Jewellery
 k - a ring of protection from magic (left hand)
 r - an amulet of resist corrosion (around neck)
Potions
 q - 2 potions of curing
 t - a potion of cure mutation {unknown}
 u - a potion of speed {unknown}
 v - a potion of berserk rage {unknown}
 x - a potion of agility {unknown}
 B - a potion of slowing {unknown}
 C - a potion of flight {unknown}


   Skills:
 - Level 3.6 Fighting
 + Level 9.2 Axes
 - Level 3.6 Armour
 + Level 5.8 Shields


You had 6 spell levels left.
You didn't know any spells.

Dungeon Overview and Level Annotations

Branches:
Dungeon (4/27)
 Temple: D:4-7

Altars:
Elyvilon
Kikubaaqudgha
Vehumet

Annotations:
D:4 Duvessa


Innate Abilities, Weirdness & Mutations

You reflexively headbutt those who attack you in melee.
You have a pair of horns on your head.


Message History

You block Duvessa's attack.
You hit Duvessa but do no damage.
Duvessa is almost dead.
You block Duvessa's attack. Duvessa hits you but does no damage.
You hit Duvessa but do no damage. You headbutt Duvessa.
Duvessa is almost dead.
Duvessa hits you with an elven short sword.
* * * LOW HITPOINT WARNING * * *
You hit Duvessa.
Duvessa is almost dead.
Duvessa hits you but does no damage.
You hit Duvessa but do no damage.
Duvessa is almost dead.
You block Duvessa's attack.
You hit Duvessa but do no damage. Your headbutt misses Duvessa.
Duvessa is almost dead.
Duvessa hits you with an elven short sword.
* * * LOW HITPOINT WARNING * * *
Duvessa hits you with an elven short sword!
You die...

#.####.# #......#)............
#.#..#.# #......#.######.####.
###)#..#># #......#.# ........#.
.........# #.[....#.# ##.......
....#########......#.#.#######.##
...................#.#.........#
+#.###########.###.#.########).#
#.#......#....)##.....# #).%..#
#.#.####.#.#..e@#.....# #.##.##
#.#....#.#.##.###.....# #.##.###
#.####.#.#............###.......
#.####.#.#......#.#.#.....#####.
#......#..........#..........^..
###############.#############e##
#e# #..e..#..e..o
#.####.###.#.##o##
#....e.#...e....#


You could see Duvessa (berserk).

Vanquished Creatures
  The ghost of HungrySpirit the Chopper, an average MiFi (D:3)
  The ghost of inmateoo the Cudgeler, an average GrBe of Trog (D:4)
  Sigmund (D:4)
  2 orc priests (D:4)
  Dowan (D:4)
  2 hounds (D:4)
  2 orc wizards
  2 worker ants
  An ogre skeleton (D:4)
  7 adders
  A worm (D:3)
  2 giant geckos
  An ooze (D:4)
  9 orcs
  2 ball pythons
  6 bats
  5 giant cockroaches
  7 goblins
  9 hobgoblins
  2 jackals (D:2)
  13 kobolds
  2 giant newts (D:2)
  6 rats
85 creatures vanquished.

Vanquished Creatures (others)
  A kobold (D:2)
1 creature vanquished.

Grand Total: 86 creatures vanquished

Notes
Turn   | Place    | Note
--------------------------------------------------------------
     0 | D:1      | HungrySpirit, the Minotaur Fighter, began the quest for the Orb.
     0 | D:1      | Reached XP level 1. HP: 19/19 MP: 0/0
   344 | D:1      | Reached XP level 2. HP: 26/26 MP: 0/0
   679 | D:2      | Reached skill level 4 in Axes
   679 | D:2      | Reached XP level 3. HP: 31/33 MP: 1/1
   791 | D:2      | Found a white marble altar of Elyvilon.
  1064 | D:2      | Reached skill level 5 in Axes
  1145 | D:3      | Reached XP level 4. HP: 28/39 MP: 1/1
  1349 | D:3      | Noticed HungrySpirit's ghost (average MiFi)
  1369 | D:3      | Killed HungrySpirit's ghost
  1369 | D:3      | Reached skill level 7 in Axes
  1369 | D:3      | Reached XP level 5. HP: 23/46 MP: 1/1
  1539 | D:3      | Noticed an orc warrior
  1591 | D:3      | Reached XP level 6. HP: 45/52 MP: 2/2
  1855 | D:3      | Found a radiant altar of Vehumet.
  2214 | D:3      | Reached skill level 8 in Axes
  2561 | D:4      | Noticed inmateoo's ghost (average GrBe)
  2580 | D:4      | Killed inmateoo's ghost
  2872 | D:4      | Noticed Duvessa
  2872 | D:4      | Noticed Dowan
  3109 | D:4      | Reached skill level 5 in Shields
  3109 | D:4      | Reached XP level 7. HP: 56/59 MP: 2/2
  3316 | D:4      | Found an ancient bone altar of Kikubaaqudgha.
  3334 | D:4      | Reached skill level 9 in Axes
  3382 | D:4      | Noticed Sigmund
  3390 | D:4      | Killed Sigmund
  3654 | D:4      | Killed Dowan
  3673 | D:4      | Slain by Duvessa

Action                   |  1- 3 |  4- 6 |  7- 9 || total
-------------------------+-------+-------+-------++-------
Melee: Hand axe          |    89 |   169 |    83 ||   341
  Use: Scroll            |       |     4 |       ||     4
       Potion            |       |       |     1 ||     1
